 Dungeon Crawl Stone Soup version 0.17.1-1-g73c8601 (webtiles) character file.

36 Implojin the Ruffian (level 3, -9/36 HPs)
             Began as a Troll Fighter on Apr 8, 2016.
             Mangled by Crazy Yiuf
             ... wielding a +4 quarterstaff of chaos
              (13 damage)
             ... on level 3 of the Dungeon.
             The game lasted 00:01:56 (355 turns).

Implojin the Ruffian (Troll Fighter)                 Turns: 355, Time: 00:01:56

Health: -9/36      AC:  5    Str: 29    XL:     3   Next: 19%
Magic:  2/2        EV:  8    Int:  4    God:
Gold:   0          SH:  9    Dex: 10    Spells: 0 memorised, 2 levels left

rFire  . . .     SeeInvis .       - Unarmed
rCold  . . .     Clarity  .     a - +0 robe
rNeg   . . .     SustAt   .     b - +0 shield
rPois  .         Gourm    +     (helmet restricted)
rElec  .         Spirit   .     (no cloak)
rCorr  .         Warding  .     (gloves unavailable)
rMut   .         Stasis   .     (boots unavailable)
MR     .....                    (no amulet)
Stlth  +.........               (no ring)
                                (no ring)

@: mighty, very slightly contaminated, hasted, very quick, not resistant to
hostile enchantments, very unstealthy
A: unfitting armour, claws 3, fast metabolism 3, gourmand, regeneration 2,
shaggy fur 1, tough skin 2
a: no special abilities


You were on level 3 of the Dungeon.
You were full.

You visited 1 branch of the dungeon, and saw 3 of its levels.

Inventory:

Armour
 a - a +0 robe (worn)
 b - a +0 shield (worn)
Scrolls
 f - 3 scrolls of remove curse {unknown}
 g - 2 scrolls of identify {unknown}
 h - a scroll of recharging {unknown}
 i - a scroll of teleportation {unknown}
 j - a scroll of immolation {unknown}
 n - a scroll of noise {unknown}
 p - a scroll of magic mapping {unknown}
Potions
 e - a potion of cancellation {unknown}
 k - a potion of magic {unknown}
 l - a potion of curing {unknown}
 m - a potion of agility {unknown}
 o - a potion of cure mutation {unknown}
Comestibles
 d - 3 bread rations


   Skills:
 - Level 2.4 Fighting
 - Level 2.4 Dodging
 - Level 2.4 Shields
 * Level 3.7 Unarmed Combat


You had 2 spell levels left.
You didn't know any spells.

Dungeon Overview and Level Annotations

Branches:
Dungeon (3/15)

Altars:

Annotations:
D:2 exclusion: upstairs
D:3 Crazy Yiuf


Innate Abilities, Weirdness & Mutations

You are too large for most types of armour.
You have claws for hands.
Your metabolism is lightning-fast.
You like to eat raw meat.
You heal very quickly.
You are covered in fur (AC +1).
You have very tough skin (AC +2).


Message History

The fungus is lightly damaged.
You claw the fungus!
The fungus is heavily damaged.
You claw the fungus!
The fungus is severely damaged.
You scratch the fungus.
The fungus is severely damaged.
You claw the fungus!
The fungus is almost destroyed.
You scratch the fungus.
You destroy the fungus!
Found a mace.
Crazy Yiuf the Enlightened comes into view.
He is wielding a quarterstaff of chaos.
Crazy Yiuf shouts!
Crazy Yiuf grits, "Snower!"
Crazy Yiuf whimpers, "Liver bush green!"
You block Crazy Yiuf's attack.
You scratch Crazy Yiuf.
Crazy Yiuf is lightly wounded.
Crazy Yiuf hits you with a quarterstaff of chaos!
You feel yourself speed up.
You are very lightly contaminated with residual magic.
You scratch Crazy Yiuf.
Crazy Yiuf is lightly wounded.
You scratch Crazy Yiuf but do no damage.
Crazy Yiuf is lightly wounded.
Crazy Yiuf yells, "Two song sow!"
Crazy Yiuf hits you with a quarterstaff of chaos!
* * * LOW HITPOINT WARNING * * *
You are electrocuted!
* * * LOW HITPOINT WARNING * * *
Drink which item? (? for menu, Esc to quit)
Okay, then.
Drink which item? (? for menu, Esc to quit)
You feel very mighty all of a sudden.
You completely miss Crazy Yiuf.
Crazy Yiuf is lightly wounded.
Crazy Yiuf cries, "Whippet!
Whiteboard sallow head."
Crazy Yiuf hits you with a quarterstaff of chaos!
You die...

######## .......####♣♣
#### ....<......P♣♣
♣♣#..)#
...........PP♣♣♣♣g....#
.....†.#...PP.♣.@♣#...#
......†##....♣.♣♣♣ ####
.......####♣♣♣♣♣
...<....# ........#
...........
............
.##.######## . #..


You could see Crazy Yiuf.

Vanquished Creatures
  An adder (D:2)
  A giant gecko (D:2)
  5 bats (D:2)
  4 goblins
  3 hobgoblins
  2 kobolds
  A quokka (D:2)
  2 giant cockroaches (D:2)
  4 giant newts
  3 rats
  A fungus (D:3)
27 creatures vanquished.

Notes
Turn   | Place    | Note
--------------------------------------------------------------
     0 | D:1      | Implojin the Troll Fighter began the quest for the Orb.
     0 | D:1      | Reached XP level 1. HP: 22/22 MP: 0/0
   173 | D:2      | Reached XP level 2. HP: 27/29 MP: 1/1
   212 | D:2      | Reached skill level 3 in Unarmed Combat
   272 | D:2      | Reached XP level 3. HP: 36/36 MP: 2/2
   345 | D:3      | Noticed Crazy Yiuf
   355 | D:3      | Mangled by Crazy Yiuf

Action                   || total
-------------------------++-------
Melee: Unarmed           ||    80
  Use: Potion            ||     1
  Eat: Chunk             ||     5

Table legend:
 A = Turns spent in this place as a percentage of turns spent in the entire game.
 B = Non-inter-level travel turns spent in this place as a percentage of non-inter-level travel turns spent in the entire game.
 C = Inter-level travel turns spent in this place as a percentage of turns spent in this place.
 D = Turns resting spent in this place as a percentage of non-inter-level travel turns spent in this place.
 E = Turns spent auto-exploring this place as a percentage of non-inter-level travel turns spent in this place.
 F = Non-inter-level travel turns spent in this place divided by the number of levels of this place that you've seen.
                   A       B       C       D       E      F
               +-------+-------+-------+-------+-------+----------------------
         Total | 100.0 | 100.0 |   0.0 |   0.0 |   0.0 | 115.7
       Dungeon | 100.0 | 100.0 |   0.0 |   0.0 |   0.0 | 115.7
               +-------+-------+-------+-------+-------+----------------------

Table legend:
 A = Kills in this place as a percentage of kills in entire the game.
 B = Kills by you in this place as a percentage of kills by you in the entire game.
 C = Kills by friends in this place as a percentage of kills by friends in the entire game.
 D = Other kills in this place as a percentage of other kills in the entire game.
 E = Experience gained in this place as a percentage of experience gained in the entire game.
 F = Experience gained in this place divided by the number of levels of this place that you have seen.
                   A       B       C       D       E      F
               +-------+-------+-------+-------+-------+----------------------
         Total | 100.0 | 100.0 |  -nan |  -nan | 100.0 |  17.3
       Dungeon | 100.0 | 100.0 |  -nan |  -nan | 100.0 |  17.3
               +-------+-------+-------+-------+-------+----------------------
